AoeStats
← 夏威

Arabia

510717921Analyzed
1v1 RM · 17h ago on Oct 2, 2026· 61m 17s· 2 players
Game mode
Random Map
Map size
Tiny (2 player)
Population
200
Speed
Normal
Resources
Standard
Victory
Conquest
Starting age
Dark Age
Ending age
Imperial Age
RankedLock teamsTeams togetherTeam positionsShared explorationLock speedFull tech treeHidden civsTurbo modeCheats
Victory
Defeat
🇨🇳 Koreans · China
954
+17
🇲🇽 Magyars · Mexico
968
-17
夏威
10:02 Feudal Age
8:46 Loom
13:08 Double-Bit Axe
18:06 Scale Barding Armor
19:42 Forging
24:36 Castle Age
23:30 Horse Collar
24:15 Gold Mining
24:15 Stone Mining
25:07 Wheelbarrow
24:50 Pikeman
25:32 Scale Mail Armor
27:26 Squires
27:15 Arson
28:30 Chain Mail Armor
28:50 Iron Casting
30:12 Light Cavalry
32:15 Bow Saw
33:09 Gold Shaft Mining
33:10 Stone Shaft Mining
34:18 Hand Cart
34:52 Chain Barding Armor
37:23 Bow Saw
40:54 Imperial Age
39:06 Town Watch
40:39 Husbandry
40:53 Masonry
40:39 Murder Holes
41:06 Hussar
41:09 Halberdier
42:37 Arrowslits
43:23 Architecture
42:20 Elite War Wagon
44:25 Conscription
44:51 Plate Mail Armor
45:45 Heavy Rocket Cart
47:43 Capped Ram
50:11 Two-Man Saw
51:51 Shinkichon
52:42 Heavy Plow
55:32 Capped Ram
lequiteminombre
6:55 Loom
9:26 Feudal Age
10:10 Double-Bit Axe
12:17 Horse Collar
20:42 Castle Age
18:59 Stone Mining
19:54 Fletching
22:35 Bow Saw
28:44 Bloodlines
28:35 Corvinian Army
30:22 Heavy Plow
31:17 Wheelbarrow
31:25 Wheelbarrow
31:40 Town Watch
32:22 Scale Mail Armor
33:28 Chain Mail Armor
32:36 Man-at-Arms
34:08 Long Swordsman
36:12 Bodkin Arrow
39:14 Imperial Age
38:43 Scale Barding Armor
39:01 Arson
39:56 Husbandry
41:00 Two-Man Saw
40:24 Conscription
42:21 Chemistry
42:20 Crop Rotation
42:47 Ballistics
45:32 Bracer
46:07 Pikeman
46:47 Halberdier
51:45 Corvinian Army
54:40 Hand Cart
55:21 Light Cavalry
56:06 Hussar
Connection lost

Rejoining the realm…

Still unreachable

The connection could not be restored.

Session expired

The server has moved on; the page needs a fresh start.